Map: Lost and Found LE

Players

BaNe

  • Race: Zerg Zerg
  • League: Diamond
  • Spawn Location: 7:00

Woogie - Winner!

  • Race: Zerg Zerg
  • League: Diamond
  • Spawn Location: 1:00

VOD

Have the link to the VOD?

Description

Felt good about this game. Transitioned nicely to out tech and out produce and keep opponent on 2 bases.

Time

  • Played on: Sept. 17, 2018, 3:36 p.m.
  • Length: 18:25
Show
View Real Time Build Order
Export as new Build Order

BaNe Zerg 

Build Orders: Pool First, Zergling Baneling 

Get SALT Encoding   

  12  0:01  Drone  
  13  0:13  Overlord  
  13  0:17  Drone  
  14  0:32  Drone x2  
  16  0:36  Drone  
  16  0:37  Extractor  
  16  0:47  Spawning Pool  
  15  0:51  Drone  
  16  0:58  Drone  
  17  1:22  Hatchery  
  16  1:27  Drone x2  
  16  1:31  Drone  
  19  1:43  Queen  
  21  1:50  Overlord  
  21  1:57  Metabolic Boost  
  21  2:02  Zergling x2  
  22  2:11  Zergling x2  
  22  2:13  Zergling x2  
  24  2:17  Baneling Nest  
  23  2:27  Zergling x2  
  24  2:34  Zergling x2  
  25  2:37  Queen, Zergling x2  
  28  2:44  Zergling x2  
  28  2:49  Overlord  
  29  2:54  Zergling x4  
  29  2:56  Zergling x2  
  32  3:00  Zergling x2  
  32  3:04  Zergling x2  
  34  3:10  Zergling x4  
  35  3:18  Baneling x2  
  35  3:21  Zergling x4  
  37  3:28  Zergling x2  
  37  3:30  Baneling  
  37  3:31  Baneling x2  
  37  3:33  Zergling x2  
  39  3:37  Zergling x2  
  40  3:47  Zergling x4  
  40  3:49  Zergling x2  
  39  3:58  Zergling x4  
  39  4:04  Zergling x4  
  41  4:12  Zergling x4  
  42  4:22  Zergling x2  
  42  4:23  Zergling x6  
  43  4:32  Overlord  
  43  4:37  Baneling x2  
  43  4:38  Baneling x3  
  43  4:43  Baneling x2  
  43  4:50  Baneling x4  
  43  4:51  Baneling  
  43  4:55  Drone  
  43  4:59  Drone  
  28  5:17  Zergling x2  
  28  5:18  Zergling x10  
  31  5:23  Zergling x2  
  31  5:28  Zergling x4  
  34  5:35  Zergling x4  
  35  5:43  Zergling x6  
  35  5:49  Zergling x2  
  39  5:54  Drone x2  
  41  5:59  Drone  
  42  6:05  Drone x2  
  42  6:11  Drone x3  
  44  6:15  Drone  
  42  6:22  Drone  
  43  6:28  Overlord  
  43  6:31  Roach Warren  
  42  6:36  Drone  
  42  6:39  Overlord  
  43  6:51  Lair  
  43  6:55  Evolution Chamber  
  43  6:56  Drone x5  
  43  6:57  Drone  
  48  7:04  Drone  
  48  7:05  Drone x2  
  51  7:14  Drone x3  
  51  7:15  Drone  
  55  7:20  Drone  
  56  7:27  Baneling  
  56  7:28  Baneling x3  
  56  7:33  Hatchery  
  56  7:35  Extractor, Zerg Missile Weapons Level 1  
  54  7:41  Extractor, Burrow  
  54  7:42  Drone  
  54  7:43  Drone x3  
  54  7:44  Extractor  
  56  7:57  Drone x3  
  56  7:58  Drone x2  
  60  8:03  Overlord  
  60  8:06  Overlord  
  60  8:10  Overlord  
  60  8:17  Overlord  
  60  8:18  Overlord  
  60  8:22  Overlord  
  60  8:25  Drone  
  60  8:26  Drone x4  
  65  8:27  Glial Reconstitution  
  65  8:30  Drone  
  65  8:32  Extractor  
  65  8:35  Extractor  
  65  8:37  Roach x2  
  68  8:44  Roach x2  
  68  8:45  Evolution Chamber, Roach  
  73  8:49  Roach  
  73  8:53  Drone x2  
  73  8:55  Queen  
  79  9:02  Roach x3  
  85  9:06  Overlord  
  85  9:08  Roach  
  87  9:16  Zerg Ground Armor Level 1  
  87  9:18  Roach  
  87  9:19  Roach x2  
  93  9:25  Roach  
  93  9:28  Roach  
  97  9:31  Drone  
  97  9:32  Drone x2  
  97  9:35  Drone  
  97  9:36  Drone x2  
  103  9:41  Zerg Missile Weapons Level 2  
  103  9:45  Overlord  
  103  9:46  Tunneling Claws  
  103  9:50  Queen  
  102  9:59  Roach x3  
  106  10:02  Overlord  
  106  10:03  Overlord  
  106  10:05  Overlord, Overseer  
  104  10:07  Ravager x4  
  104  10:08  Ravager x2  
  104  10:13  Spore Crawler  
  109  10:15  Spore Crawler  
  109  10:18  Spore Crawler  
  107  10:25  Overseer  
  107  10:31  Roach x9  
  120  10:39  Drone  
  120  10:40  Drone x5  
  119  10:45  Roach x2  
  119  10:47  Roach  
  119  10:48  Roach  
  127  10:50  Roach x7  
  127  10:57  Queen  
  127  11:03  Roach x3  
  132  11:14  Roach x3  
  132  11:16  Overlord x2  
  132  11:18  Overlord x2  
  138  11:23  Overlord  
  138  11:25  Overlord  
  138  11:28  Overseer  
  134  11:32  Overlord  
  134  11:34  Drone x14  
  124  11:43  Roach x7  
  135  11:50  Roach x2  
  139  12:02  Drone x2  
  139  12:03  Drone x2  
  142  12:10  Drone x9  
  142  12:11  Drone x3, Roach x3  
  148  12:21  Roach x3  
  152  12:27  Roach x3  
  160  12:37  Roach x3  
  160  12:41  Ravager x7  
  171  12:46  Overseer x2  
  171  12:48  Roach  
  171  12:49  Roach  
  175  12:58  Roach  
  175  12:59  Roach x3  
  180  13:20  Roach  
  180  13:21  Roach x5  
  186  13:28  Spire  
  186  13:33  Roach  
  175  13:34  Roach x2  
  167  13:45  Roach  
  167  13:46  Roach x2  
  163  14:08  Roach x5  
  163  14:09  Roach  
  158  14:18  Roach  
  158  14:19  Queen, Roach x2  
  166  14:28  Queen  
  166  14:29  Zerg Ground Armor Level 2  
  168  14:39  Overlord x2  
  168  14:41  Overlord  
  168  14:42  Overlord  
  168  14:44  Overlord  
  168  14:50  Overlord  
  168  14:57  Queen  
  170  15:04  Overlord  
  170  15:08  Mutalisk x5  
  170  15:09  Hatchery  
  179  15:15  Mutalisk  
  181  15:21  Mutalisk  
  182  15:34  Mutalisk  
  182  15:35  Mutalisk x2, Overseer  
  177  15:40  Extractor  
  178  15:42  Extractor  
  178  15:45  Mutalisk x2  
  181  15:52  Mutalisk x2  
  185  16:02  Mutalisk x2  
  189  16:13  Mutalisk  
  189  16:14  Mutalisk x2  
  192  16:29  Mutalisk x2  
  192  16:30  Mutalisk  
  154  16:45  Mutalisk x2  
  158  16:52  Drone x4  
  158  16:53  Extractor  
  161  17:05  Mutalisk  
  163  17:10  Hatchery  
  163  17:14  Roach x2  
  140  17:23  Mutalisk x2  
  140  17:26  Mutalisk  
  102  17:39  Roach x2  
  102  17:40  Roach  
Show
View Real Time Build Order
Export as new Build Order

Woogie Zerg - Winner!

Build Orders: Pool First, Lurkers 

Get SALT Encoding   

  12  0:01  Drone  
  13  0:11  Drone  
  14  0:27  Spawning Pool  
  13  0:32  Overlord  
  13  0:36  Drone  
  14  0:43  Extractor, Drone  
  14  0:52  Drone  
  14  0:54  Drone  
  16  1:09  Drone  
  17  1:14  Queen  
  17  1:17  Drone  
  20  1:26  Overlord  
  20  1:40  Drone  
  21  1:48  Metabolic Boost  
  21  1:58  Hatchery  
  20  2:01  Drone  
  21  2:20  Baneling Nest  
  21  2:21  Drone  
  21  2:25  Queen  
  23  2:30  Zergling x8  
  27  2:39  Overlord  
  27  2:53  Drone  
  28  2:59  Evolution Chamber  
  27  3:13  Drone x3  
  27  3:16  Queen x2  
  34  3:25  Zergling x2  
  34  3:26  Zergling x2  
  36  3:30  Baneling  
  36  3:31  Baneling  
  34  4:05  Baneling  
  34  4:11  Zergling x8  
  34  4:12  Zergling x6  
  41  4:25  Baneling x2  
  41  4:36  Zerg Missile Weapons Level 1  
  41  4:37  Roach Warren  
  41  4:38  Zergling x6  
  42  4:39  Drone  
  42  4:40  Overlord x3  
  43  4:56  Baneling  
  43  4:57  Baneling  
  42  5:11  Zergling x2  
  42  5:12  Zergling x16  
  37  5:36  Drone x5  
  37  5:37  Drone x2  
  44  5:43  Lair  
  44  5:49  Drone x2  
  46  5:53  Baneling  
  46  5:54  Baneling  
  45  6:15  Roach  
  45  6:16  Roach x6  
  58  6:21  Drone x2  
  58  6:22  Drone  
  61  6:38  Extractor, Drone x3  
  61  6:39  Drone  
  64  6:41  Extractor  
  64  6:42  Hatchery  
  62  7:04  Roach x3  
  62  7:05  Overlord x4  
  68  7:11  Glial Reconstitution  
  66  7:19  Baneling x2  
  66  7:27  Drone x2  
  66  7:28  Drone x3  
  71  7:48  Zerg Missile Weapons Level 2  
  68  7:58  Roach  
  68  7:59  Roach x7  
  68  8:05  Drone x2  
  84  8:07  Drone x2  
  86  8:15  Drone x5  
  91  8:26  Extractor  
  90  8:29  Hydralisk Den  
  90  8:31  Drone  
  90  8:32  Extractor  
  90  8:33  Extractor  
  88  8:35  Tunneling Claws  
  88  8:41  Burrow  
  88  8:42  Drone x4  
  88  8:43  Drone x3  
  95  9:06  Lurker Den  
  95  9:07  Drone x3  
  95  9:08  Drone x6  
  103  9:11  Hatchery  
  102  9:35  Overlord x5, Roach  
  102  9:36  Overlord  
  104  9:50  Infestation Pit  
  103  9:55  Evolution Chamber  
  102  10:05  Roach  
  102  10:06  Roach x2  
  98  10:08  Roach x3  
  98  10:11  Roach  
  98  10:12  Roach  
  98  10:13  Roach x3  
  100  10:14  Roach x4  
  100  10:15  Roach x14  
  100  10:18  Roach x7  
  130  10:23  Zerg Melee Weapons Level 1  
  130  10:25  Zerg Ground Armor Level 1  
  126  10:37  Roach x4  
  112  11:01  Roach x4  
  112  11:06  Hydralisk x4  
  112  11:07  Hydralisk x2  
  112  11:09  Hive  
  112  11:10  Grooved Spines  
  124  11:12  Hydralisk x5  
  124  11:13  Hydralisk x3  
  124  11:14  Roach x5  
  124  11:15  Roach  
  146  11:44  Roach x11  
  146  11:46  Lurker  
  146  11:47  Lurker x5  
  144  11:48  Drone  
  144  11:49  Drone x2  
  147  12:22  Muscular Augments  
  133  12:25  Hydralisk x2  
  133  12:26  Hydralisk x7  
  133  12:27  Hydralisk x3  
  157  12:30  Roach x2  
  157  12:32  Overlord x3  
  157  12:35  Overseer  
  159  12:46  Adaptive Talons  
  145  13:16  Roach x2  
  129  13:55  Roach x8  
  141  13:56  Roach x12  
  160  14:16  Hydralisk x5  
  162  14:24  Roach, Zergling x6  
  162  14:25  Zergling x2  
  165  14:41  Lurker x4  
  169  14:51  Spire  
  168  14:54  Spire  
  168  14:57  Extractor  
  168  14:59  Extractor  
  161  15:16  Hatchery  
  142  15:53  Drone x4  
  142  15:54  Drone  
  147  16:10  Hydralisk x2  
  147  16:11  Hydralisk x5  
  151  16:16  Overseer  
  151  16:17  Overseer  
  148  16:43  Hydralisk x10  
  148  16:46  Pathogen Glands  
  149  16:48  Greater Spire  
  149  16:57  Hydralisk x4  
  149  16:58  Hydralisk x3  
  163  17:03  Corruptor  
  163  17:05  Overlord x6  
  165  17:22  Queen x3  
  153  17:23  Extractor  
  153  17:24  Extractor  
  153  17:29  Mutalisk  
  127  17:30  Mutalisk x12  
  141  17:52  Mutalisk x4  
  141  17:53  Mutalisk x4  
Tags
 
Add a new tag
Caveats
  • Supply blocks, unpowered buildings, or Contaminate may cause inaccurate times.
  • Supply counts are checked every 10 seconds.